[Event "ICC tourney 2069 (15 5)"]
[Site "Internet Chess Club"]
[Date "2020.10.18"]
[Round "3"]
[White "aryarsh1"]
[Black "prkukuku"]
[Result "0-1"]
[ICCResult "White checkmated"]
[WhiteElo "1266"]
[BlackElo "1337"]
[Opening "Giuoco Pianissimo"]
[ECO "C55"]
[NIC "IG.01"]
[Time "14:09:27"]
[TimeControl "900+5"]

1. e4 e5 2. Nf3 Nc6 3. Bc4 Nf6 4. d3 Bc5 5. c3 a6 6. d4 exd4 7. e5 d5 8. Be2
d3 9. exf6 dxe2 10. Qxe2+ Be6 11. fxg7 Rg8 12. Be3 Bxe3 13. Qxe3 Qf6 14.
Nbd2 Qxg7 15. O-O-O O-O-O 16. h3 d4 17. Nxd4 Nxd4 18. cxd4 Qxd4 19. Qxd4
Rxd4 20. g4 Bxa2 21. Rhe1 Be6 22. Ne4 Rc4+ 23. Kb1 Re8 24. f3 h6 25. h4 Rd8
26. Rxd8+ Kxd8 27. Re3 a5 28. Nf6 Ke7 29. Nd5+ Kd6 30. Nf6 Rf4 31. Rd3+ Kc5
32. Rc3+ Kb6 33. Nh5 Rd4 34. Nf6 Rd1+ 35. Kc2 Rh1 36. h5 a4 37. Kd2 Rh2+ 38.
Kc1 c6 39. Ne4 f5 40. Nc5 fxg4 41. Nxe6 g3 42. Nf4 g2 43. Nxg2 Rxg2 44. f4
Rf2 45. Rc4 Kb5 46. Re4 c5 47. Re6 Rxf4 48. Rxh6 Rh4 49. Kc2 Ka5 50. Rh8 b5
51. h6 Kb4 52. h7 Kc4 53. Rf8 Rh2+ 54. Kc1 Rxh7 55. Rf4+ Kb3 56. Rf3+ Kb4
57. Rf4+ c4 58. Rf3 Rd7 59. Kc2 Rd3 60. Rf5 a3 61. bxa3+ Rxa3 62. Rf8 Ra2+
63. Kb1 Rh2 64. Rb8 Ka4 65. Ra8+ Kb3 66. Kc1 c3 67. Rb8 Rh1# {White
checkmated} 0-1

[Event "ICC tourney 2069 (15 5)"]
[Site "Internet Chess Club"]
[Date "2020.10.18"]
[Round "3"]
[White "jackthebest007"]
[Black "Hydra88"]
[Result "0-1"]
[ICCResult "White checkmated"]
[WhiteElo "1294"]
[BlackElo "1482"]
[Opening "Queen's pawn"]
[ECO "A40"]
[NIC "QO.17"]
[Time "14:09:27"]
[TimeControl "900+5"]

1. d4 e6 2. Nf3 d5 3. Nc3 Bb4 4. Bg5 Nf6 5. e3 Nbd7 6. Bb5 a6 7. Bd3 c5 8.
dxc5 Bxc5 9. a3 h6 10. Bf4 O-O 11. Ne5 Nxe5 12. Bxe5 Nd7 13. Bg3 Qf6 14. Qg4
Ne5 15. Bxe5 Qxe5 16. h3 Qf6 17. O-O Rd8 18. Rfd1 e5 19. Qg3 Be6 20. Be2
Rac8 21. Bg4 Bxg4 22. hxg4 d4 23. exd4 exd4 24. Ne4 Qb6 25. Qf3 Qg6 26. b4
Bb6 27. Rd3 Rxc2 28. Rad1 Rcc8 29. a4 Re8 30. Nd2 Qc6 31. Qxc6 Rxc6 32. a5
Ba7 33. Nf3 Re4 34. Nxd4 Rc4 35. Nf3 Rxb4 36. Rd7 Rxg4 37. Rd8+ Kh7 38. Ne5
Rge4 39. Nxf7 Rf4 40. Ne5 Bxf2+ 41. Kf1 Bh4+ 42. Nf3 Bxd8 43. Rxd8 Rb1+ 44.
Kf2 Rf5 45. Kg3 Rxa5 46. Kf2 Rb2+ 47. Kg3 Raa2 48. Ne1 Rb3+ 49. Kh2 b5 50.
Kg1 Rb1 51. Re8 Raa1 52. Kf1 Rxe1+ 53. Rxe1 Rxe1+ 54. Kxe1 Kg6 55. Kd2 Kg5
56. Kc3 Kg4 57. Kb4 Kg3 58. Ka5 Kxg2 59. Kxa6 b4 60. Ka5 b3 61. Ka4 b2 62.
Ka3 b1=Q 63. Ka4 Kf3 64. Ka5 Ke4 65. Ka6 Kd5 66. Ka7 Kc6 67. Ka8 Qb7#
{White checkmated}
0-1

[Event "ICC tourney 2069 (15 5)"]
[Site "Internet Chess Club"]
[Date "2020.10.18"]
[Round "3"]
[White "BreatheChessAls"]
[Black "f5"]
[Result "0-1"]
[ICCResult "White checkmated"]
[WhiteElo "1924"]
[BlackElo "2150"]
[Opening "Dutch"]
[ECO "A80"]
[NIC "HD.12"]
[Time "14:09:35"]
[TimeControl "900+5"]

1. d4 f5 2. Bf4 Nf6 3. e3 g6 4. h3 d6 5. Nd2 Bg7 6. c3 Be6 7. Ngf3 c6 8. Bc4
Bxc4 9. Nxc4 Nbd7 10. O-O Nb6 11. Nxb6 Qxb6 12. Qb3 Qxb3 13. axb3 a6 14. b4
Rc8 15. Rfd1 h6 16. Bh2 O-O 17. c4 Ne4 18. Nd2 Nxd2 19. Rxd2 Rcd8 20. Rad1
d5 21. c5 Rde8 22. f4 Bf6 23. g4 Kf7 24. Rg2 Rg8 25. Kh1 e6 26. Rdg1 Bd8 27.
Ra1 Rh8 28. Rag1 Reg8 29. Bg3 fxg4 30. hxg4 h5 31. g5 Ke7 32. Bh4 Kd7 33.
Ra1 Bc7 34. b3 Ra8 35. Rga2 Ra7 36. Kg2 Rha8 37. Be1 b6 38. Ra4 Kc8 39. Kh3
Kb7 40. Kg2 Bd8 41. Kh3 Be7 42. Kg2 Rc8 43. Kh3 Raa8 44. Kg2 a5 45. Bc3 axb4
46. Bxb4 Rxa4 47. Rxa4 Ra8 48. Kf3 Rxa4 49. bxa4 Ka6 50. Ke2 b5 51. axb5+
Kxb5 52. Be1 Bd8 53. Kd3 Ba5 54. Bh4 Bb4 55. Bg3 Ka4 56. Kc2 Ba3 57. Bh4 Kb4
58. Bg3 Kc4 59. Bf2 Bb4 60. Bh4 Bc3 61. Bf2 Ba1 62. Bh4 Bxd4 63. exd4 Kxd4
64. Bf2+ Ke4 65. Kd2 Kxf4 66. Be3+ Kf3 67. Bd4 h4 68. Ke1 Kg2 69. Ke2 h3 70.
Be5 h2 71. Bxh2 Kxh2 72. Kf3 Kh3 73. Kf4 Kh4 74. Ke5 Kxg5 75. Kxe6 d4 76.
Kd6 d3 77. Kxc6 d2 78. Kb7 d1=Q 79. c6 Qb3+ 80. Kc7 Kf6 81. Kd7 Qd5+ 82. Kc7
Ke7 83. Kb7 Kd6 84. Kc8 Qxc6+ 85. Kd8 Qc7+ 86. Ke8 Qe7# {White checkmated}
0-1

[Event "ICC tourney 2069 (15 5)"]
[Site "Internet Chess Club"]
[Date "2020.10.18"]
[Round "3"]
[White "premierchess"]
[Black "harkerchess"]
[Result "1-0"]
[ICCResult "Black resigns"]
[WhiteElo "2165"]
[BlackElo "1945"]
[Opening "Caro-Kann: Tartakower (Nimzovich) variation"]
[ECO "B15"]
[NIC "CK.06"]
[Time "14:09:47"]
[TimeControl "900+5"]

1. e4 c6 2. d4 d5 3. Nc3 dxe4 4. Nxe4 Nf6 5. Nxf6+ exf6 6. c3 Bd6 7. Bd3 O-O
8. Ne2 Qc7 9. Qc2 h5 10. Be3 c5 11. O-O-O Re8 12. Ng3 h4 13. Ne4 cxd4 14.
Nxd6 Qxd6 15. Bh7+ Kf8 16. Rxd4 Qe7 17. Re4 Qc7 18. Rxe8+ Kxe8 19. Qe4+ Be6
20. f4 Qc6 21. Qd4 Qd5 22. Be4 Qxd4 23. cxd4 Bc8 24. Bf2 Nc6 25. Re1 Kd8 26.
Bxh4 Bd7 27. d5 Nd4 28. Bf2 Nb5 29. Bd3 Nd6 30. Kd2 b6 31. h3 f5 32. Bd4
Ne4+ 33. Bxe4 fxe4 34. Rxe4 f6 35. g4 Kc7 36. Re7 Rg8 37. Bc3 a5 38. b4 axb4
39. Bxb4 g5 40. f5 Rh8 41. Re3 Rh6 42. Bf8 Rh7 43. Be7 Rh6 44. Rc3+ Kb7 45.
Bd8 Bb5 46. d6 Bc6 47. Be7 b5 48. Re3 Kc8 49. Kc3 Kd7 50. Kd4 Bg2 51. Re6
Bxh3 52. Rxf6 Rxf6 53. Bxf6 Bxg4 54. Ke5 Bxf5 55. Kxf5 Kxd6 56. Kxg5 Kc6 57.
Be7 Kb7 58. Kf5 Ka8 59. Ke5 Kb8 60. Kd6 Kb7 61. Kc5 Ka7 62. Kc6 Ka6 63. Bc5
Ka5 64. a3 Ka6 65. Kc7 Ka5 66. Kb7 Ka4 67. Ka6 b4 68. axb4 {Black resigns}
1-0

[Event "ICC tourney 2069 (15 5)"]
[Site "Internet Chess Club"]
[Date "2020.10.18"]
[Round "3"]
[White "Amiral"]
[Black "fdhamija"]
[Result "1/2-1/2"]
[ICCResult "Game drawn because neither player has mating material"]
[WhiteElo "1387"]
[BlackElo "1281"]
[Opening "Réti: King's Indian attack (Barcza system)"]
[ECO "A07"]
[NIC "QP.09"]
[Time "14:09:36"]
[TimeControl "900+5"]

1. Nf3 d5 2. g3 Nc6 3. d4 Nf6 4. Bg2 Bf5 5. O-O e6 6. b3 Bd6 7. Nbd2 O-O 8.
Bb2 Re8 9. c4 dxc4 10. Nxc4 Be7 11. Nce5 Nxe5 12. Nxe5 c6 13. Re1 Be4 14. f3
Bg6 15. Nxg6 hxg6 16. e4 Bb4 17. Rf1 Qb6 18. Qd3 Rad8 19. Kh1 e5 20. Rad1
exd4 21. Bxd4 c5 22. Bxc5 Bxc5 23. Qc2 Rxd1 24. Rxd1 Be7 25. f4 Rd8 26. e5
Rxd1+ 27. Qxd1 Nh7 28. Qd7 Qc5 29. Qd1 Qb6 30. Qd7 Qd8 31. Qxd8+ Bxd8 32.
Bxb7 Ba5 33. Kg2 f6 34. exf6 gxf6 35. Kf3 Kf7 36. h4 Nf8 37. g4 Nd7 38. h5
gxh5 39. gxh5 Kg7 40. Kg4 Kh6 41. a3 Nc5 42. b4 Nxb7 43. bxa5 Nxa5 44. Kf5
Kg7 45. a4 Nc6 46. h6+ Kxh6 47. Kxf6 Kh5 48. f5 Nd8 49. Ke7 Nc6+ 50. Kd7 Nb4
51. f6 Kg6 52. Ke6 Nc6 53. Kd6 Nd8 54. Kc7 Ne6+ 55. Kb7 Kxf6 56. Kxa7 Nc5
57. a5 Ke5 58. Kb6 Kd5 59. Kb5 Kd6 60. Kb6 Kd5 61. Kc7 Kc4 62. Kb6 Kb4 63.
Kc6 Kxa5 {Game drawn because neither player has mating material} 1/2-1/2

[Event "ICC tourney 2069 (15 5)"]
[Site "Internet Chess Club"]
[Date "2020.10.18"]
[Round "3"]
[White "john-hartmann"]
[Black "meiyab"]
[Result "0-1"]
[ICCResult "White checkmated"]
[WhiteElo "1490"]
[BlackElo "1540"]
[Opening "QGD: Ragozin variation"]
[ECO "D38"]
[NIC "NI.27"]
[Time "14:09:50"]
[TimeControl "900+5"]

1. d4 d5 2. c4 e6 3. Nc3 Bb4 4. Nf3 Nf6 5. e3 Ne4 6. Qc2 O-O 7. Bd3 Nxc3 8.
bxc3 Be7 9. O-O c5 10. Bxh7+ Kh8 11. Bd3 cxd4 12. cxd4 Nc6 13. a3 Bf6 14.
Bb2 Qc7 15. Rac1 Qd6 16. cxd5 exd5 17. Bb5 Ne7 18. Qc5 Qxc5 19. Rxc5 b6 20.
Rc7 a6 21. Bd3 Be6 22. Rfc1 Rac8 23. Bxa6 Rxc7 24. Rxc7 Ra8 25. Bd3 Rb8 26.
Kf1 Nf5 27. Ke2 Nd6 28. Ne5 Rb7 29. Rc6 Nf5 30. f3 Ne7 31. Rc2 Rb8 32. Nc6
Rc8 33. Nxe7 Rxc2+ 34. Bxc2 Bxe7 35. e4 dxe4 36. fxe4 Bg4+ 37. Kd3 Kg8 38.
Kc4 Be2+ 39. Kd5 Bb5 40. a4 Bd7 41. Kc4 Kf8 42. d5 f6 43. Bd4 Bd6 44. h3 Bc7
45. Bd1 Ke7 46. Bg4 Bxa4 47. Kb4 b5 48. Be2 Bd6+ 49. Bc5 Bxc5+ 50. Kxc5 Bc2
51. Bf3 Ba4 52. g4 g5 53. Be2 Bc2 54. Bf3 Ba4 55. Kd4 Kd6 56. Be2 b4 57. Bd3
Bb3 58. Bc4 Bc2 59. Bd3 Bb3 60. Bb1 Bd1 61. Kc4 b3 62. Kc3 Ke5 63. Kb4 Bc2
64. Kc5 Bxb1 65. d6 Ke6 66. Kc6 Bxe4+ 67. Kc7 b2 68. d7 b1=Q 69. d8=Q Qb7#
{White checkmated}
0-1

[Event "ICC tourney 2069 (15 5)"]
[Site "Internet Chess Club"]
[Date "2020.10.18"]
[Round "3"]
[White "mortonaw"]
[Black "arjun-venkat"]
[Result "1-0"]
[ICCResult "Black resigns"]
[WhiteElo "1557"]
[BlackElo "1343"]
[Opening "Ruy Lopez: Berlin defense, Beverwijk variation"]
[ECO "C64"]
[NIC "RL.01"]
[Time "14:09:16"]
[TimeControl "900+5"]

1. e4 e5 2. Nf3 Nc6 3. Bb5 Bc5 4. O-O Nf6 5. Nxe5 Bxf2+ 6. Rxf2 Nxe5 7. d4
Ng6 8. Bg5 h6 9. Bxf6 gxf6 10. Nc3 c6 11. Bc4 b5 12. Bb3 Bb7 13. e5 d5 14.
exf6 O-O 15. Qg4 Qc8 16. Qg3 Qb8 17. Qh3 Kh7 18. Ne2 Qc8 19. Qh5 Qe6 20. Ng3
Qe3 21. Rf1 Qg5 22. Qd1 Rae8 23. c3 a5 24. Rf5 Qe3+ 25. Kh1 Ba6 26. R5f3 Qe6
27. Bc2 b4 28. Bd3 Bxd3 29. Qxd3 bxc3 30. bxc3 Qd6 31. Nf5 Qxf6 32. Nxh6 Qg7
33. Nf5 Qf6 34. Rh3+ Kg8 35. Nh6+ Kg7 36. Rxf6 Kxf6 37. Rf3+ Kg7 38. Nf5+
Kg8 39. Kg1 Re1+ 40. Kf2 Rfe8 41. Re3 R1xe3 42. Nxe3 Nf4 43. Qf5 Re4 44.
Qc8+ Kg7 45. Qxc6 Nd3+ 46. Ke2 Nf4+ 47. Kd2 {Black resigns} 1-0

[Event "ICC tourney 2069 (15 5)"]
[Site "Internet Chess Club"]
[Date "2020.10.18"]
[Round "3"]
[White "Omk"]
[Black "steinutz"]
[Result "0-1"]
[ICCResult "White checkmated"]
[WhiteElo "1438"]
[BlackElo "1767"]
[Opening "English: four knights, Capablanca variation"]
[ECO "A28"]
[NIC "EO.07"]
[Time "14:11:28"]
[TimeControl "900+5"]

1. c4 Nf6 2. Nc3 e5 3. Nf3 Nc6 4. d3 Be7 5. e4 d6 6. Be3 O-O 7. Be2 Ng4 8.
O-O f5 9. Nd5 Nxe3 10. fxe3 fxe4 11. dxe4 Be6 12. Qb3 Rb8 13. Rad1 Kh8 14.
h3 h6 15. a3 Qd7 16. Qc3 Rf7 17. b4 Rbf8 18. b5 Nd8 19. Qa5 Bxh3 20. Nxe7
Rxe7 21. Nh4 Rxf1+ 22. Rxf1 Kh7 23. gxh3 Qxh3 24. Ng2 Ne6 25. Qxa7 Ng5 26.
Qxb7 Qg3 27. b6 Nh3+ 28. Kh1 Nf2+ 29. Rxf2 Qxf2 30. Bg4 Qf7 31. Bf5+ g6 32.
Bh3 cxb6 33. Qxb6 h5 34. Qxd6 Rc7 35. c5 Rb7 36. Qxe5 Rb1+ 37. Kh2 Qf1 38.
Qe7+ Kh6 39. Qe5 Qg1+ 40. Kg3 Rf1 41. Kh4 Qf2+ 42. Qg3 Qf6+ 43. Qg5+ Qxg5#
{White checkmated}
0-1

[Event "ICC tourney 2069 (15 5)"]
[Site "Internet Chess Club"]
[Date "2020.10.18"]
[Round "4"]
[White "PADMINIPODICC"]
[Black "agastyap"]
[Result "0-1"]
[ICCResult "White checkmated"]
[WhiteElo "984"]
[BlackElo "1243"]
[Opening "Queen's pawn game"]
[ECO "A45"]
[NIC "QP.07"]
[Time "15:01:41"]
[TimeControl "900+5"]

1. d4 Nf6 2. e3 d5 3. Nc3 Nc6 4. Bb5 a6 5. Bd3 g6 6. Nf3 Bg4 7. h3 Bxf3 8.
Qxf3 Bg7 9. h4 Qd6 10. h5 gxh5 11. Rxh5 Nxh5 12. Qxh5 O-O-O 13. e4 Bxd4 14.
exd5 Nb4 15. Bf5+ e6 16. Be4 f5 17. Bf3 Nxc2+ 18. Kd2 Nxa1 19. dxe6 Bxc3+
20. Kxc3 Qd3+ 21. Kb4 Nc2+ 22. Kc5 b6+ 23. Kc6 Rd6# {White checkmated} 0-1

[Event "ICC tourney 2069 (15 5)"]
[Site "Internet Chess Club"]
[Date "2020.10.18"]
[Round "4"]
[White "StevenRojasS"]
[Black "alfvelas1"]
[Result "1-0"]
[ICCResult "Black checkmated"]
[WhiteElo "1688"]
[BlackElo "1368"]
[Opening "English: symmetrical variation"]
[ECO "A35"]
[NIC "EO.64"]
[Time "15:01:30"]
[TimeControl "900+5"]

1. c4 c5 2. Nc3 Nc6 3. Nf3 d6 4. d4 cxd4 5. Nxd4 Bd7 6. g3 e5 7. Ndb5 Nf6 8.
Nxd6+ Bxd6 9. Qxd6 Qe7 10. Qxe7+ Kxe7 11. Be3 Ng4 12. Bc5+ Ke8 13. f3 Nf6
14. O-O-O b6 15. Bd6 Be6 16. e3 Rd8 17. c5 Nd7 18. Bb5 Ncb8 19. c6 Nc5 20.
c7+ Rd7 21. cxb8=Q# {Black checkmated} 1-0

[Event "ICC tourney 2069 (15 5)"]
[Site "Internet Chess Club"]
[Date "2020.10.18"]
[Round "4"]
[White "zachgurion"]
[Black "mgelgi"]
[Result "0-1"]
[ICCResult "White resigns"]
[WhiteElo "1139"]
[BlackElo "1404"]
[Opening "Giuoco Pianissimo"]
[ECO "C50"]
[NIC "IG.02"]
[Time "15:01:50"]
[TimeControl "900+5"]

1. e4 e5 2. Nf3 Nc6 3. Bc4 Bc5 4. d3 Nf6 5. Bg5 h6 6. Bxf6 Qxf6 7. O-O d6 8.
Nc3 Be6 9. Bxe6 Qxe6 10. Nd5 O-O-O 11. c3 Rhe8 12. b4 Bb6 13. a4 a6 14. b5
axb5 15. axb5 Nb8 16. d4 exd4 17. cxd4 g5 18. e5 dxe5 19. dxe5 Rxd5 20. Qb3
g4 21. Nh4 Red8 22. Rfd1 Rxd1+ 23. Rxd1 Qxb3 {White resigns} 0-1

[Event "ICC tourney 2069 (15 5)"]
[Site "Internet Chess Club"]
[Date "2020.10.18"]
[Round "4"]
[White "volver"]
[Black "shreyanshdaga"]
[Result "1-0"]
[ICCResult "Black checkmated"]
[WhiteElo "1583"]
[BlackElo "317"]
[Opening "Queen's pawn game, Chigorin variation"]
[ECO "D02"]
[NIC "QP.08"]
[Time "15:01:28"]
[TimeControl "900+5"]

1. d4 d5 2. Nf3 Nc6 3. Bf4 Nf6 4. h3 g6 5. e3 Bg7 6. c3 O-O 7. Bd3 Be6 8.
Qc2 Qd7 9. Nbd2 Rad8 10. Ng5 Rfe8 11. Nxe6 Qxe6 12. O-O Qd7 13. Nf3 e6 14.
Rae1 a6 15. Bg5 b5 16. e4 dxe4 17. Bxe4 a5 18. Ne5 Na7 19. Nxd7 Rxd7 20. Qe2
b4 21. Qf3 Rd6 22. Bxf6 Bxf6 23. Qxf6 e5 24. Qf3 exd4 25. cxd4 a4 26. Rd1
Nb5 27. Bc6 Red8 28. Bxb5 c6 29. Bxa4 Ra8 30. Bb3 Rad8 31. Qxf7+ Kh8 32.
Rfe1 Rg8 33. Qxg8# {Black checkmated} 1-0

[Event "ICC tourney 2069 (15 5)"]
[Site "Internet Chess Club"]
[Date "2020.10.18"]
[Round "4"]
[White "Yeeterino0103"]
[Black "agangal1"]
[Result "1-0"]
[ICCResult "Black checkmated"]
[WhiteElo "1346"]
[BlackElo "1301"]
[Opening "Queen's pawn game, Chigorin variation"]
[ECO "D02"]
[NIC "QP.08"]
[Time "15:01:54"]
[TimeControl "900+5"]

1. d4 d5 2. Nf3 Nc6 3. Bf4 Bf5 4. e3 f6 5. c3 e5 6. dxe5 fxe5 7. Bxe5 Nxe5
8. Nxe5 Qf6 9. Qxd5 Qd6 10. Qf7+ Kd8 11. Qxf5 Ne7 12. Nf7+ Ke8 13. Nxd6+ Kd8
14. Nf7+ Ke8 15. Bb5+ c6 16. Nd6+ Kd8 17. Qe6 g6 18. Nf7+ Ke8 19. Nxh8 cxb5
20. O-O b4 21. Qf7+ Kd8 22. Qxf8+ Kd7 23. Rd1+ Kc6 24. Qf6+ Kc7 25. Qxe7+
Kb6 26. cxb4 Kb5 27. Qc5+ Ka4 28. Nc3# {Black checkmated} 1-0

[Event "ICC tourney 2069 (15 5)"]
[Site "Internet Chess Club"]
[Date "2020.10.18"]
[Round "4"]
[White "patzer2020"]
[Black "temporarydanger"]
[Result "1-0"]
[ICCResult "Black checkmated"]
[WhiteElo "1437"]
[BlackElo "1143"]
[Opening "Scotch opening"]
[ECO "C44"]
[NIC "KP.10"]
[Time "15:01:55"]
[TimeControl "900+5"]

1. e4 e5 2. Nf3 Nc6 3. d4 Nf6 4. d5 Ne7 5. Nc3 d6 6. h3 c6 7. Bc4 b5 8. Bb3
cxd5 9. exd5 Bb7 10. Bg5 b4 11. Bxf6 bxc3 12. Bxe5 dxe5 13. d6 Nc6 14. Qd5
cxb2 15. Qxf7# {Black checkmated} 1-0

[Event "ICC tourney 2069 (15 5)"]
[Site "Internet Chess Club"]
[Date "2020.10.18"]
[Round "4"]
[White "kushood"]
[Black "Yeetamus123"]
[Result "0-1"]
[ICCResult "White resigns"]
[WhiteElo "1427"]
[BlackElo "1339"]
[Opening "Benkö gambit accepted"]
[ECO "A58"]
[NIC "BI.45"]
[Time "15:01:46"]
[TimeControl "900+5"]

1. d4 Nf6 2. c4 c5 3. d5 b5 4. cxb5 a6 5. bxa6 Bxa6 6. Nc3 d6 7. Nf3 g6 8.
e3 Bxf1 9. Rxf1 Bg7 10. Rh1 O-O 11. h3 Nbd7 12. g4 Qa5 13. Bd2 c4 14. e4 Qb6
15. Qc1 Nxe4 16. Nxe4 Bxb2 17. Rb1 Bxc1 18. Rxb6 Bxd2+ 19. Nexd2 Nxb6 20. h4
Rxa2 21. Ke2 c3 {White resigns} 0-1

[Event "ICC tourney 2069 (15 5)"]
[Site "Internet Chess Club"]
[Date "2020.10.18"]
[Round "4"]
[White "Tacticsguy52"]
[Black "HiHiItsByeBye"]
[Result "1-0"]
[ICCResult "Black checkmated"]
[WhiteElo "1878"]
[BlackElo "1287"]
[Opening "Scotch game"]
[ECO "C45"]
[NIC "SO.04"]
[Time "15:02:03"]
[TimeControl "900+5"]

1. e4 e5 2. Nf3 Nc6 3. d4 exd4 4. Nxd4 Nxd4 5. Qxd4 Nf6 6. Bg5 Be7 7. Nc3 b6
8. O-O-O d6 9. e5 Nd7 10. Bxe7 Qxe7 11. exd6 Qxd6 12. Qe4+ Qe7 13. Qxa8 O-O
14. Qf3 Qg5+ 15. Qe3 Qf6 16. Nd5 Qd8 17. Ne7+ Kh8 18. Nxc8 Qxc8 19. Bc4 Qd8
20. Qd3 Re8 21. Qxd7 Qxd7 22. Rxd7 f6 23. Rhd1 g6 24. Rd8 Rxd8 25. Rxd8+ Kg7
26. Rd7+ Kh6 27. Bg8 Kg5 28. Rxh7 Kf5 29. Rxc7 a5 30. f3 g5 31. Bh7+ Ke5 32.
g4 Kf4 33. Rf7 Kxf3 34. Rxf6+ Kxg4 35. Rxb6 Kh3 36. Rb5 g4 37. Rxa5 Kxh2 38.
Rg5 g3 39. Rxg3 Kxg3 40. a4 Kf4 41. a5 Ke5 42. a6 Kd6 43. a7 Kc7 44. a8=Q
Kb6 45. Be4 Kc7 46. Qc6+ Kd8 47. Qd6+ Ke8 48. Bg6# {Black checkmated} 1-0

[Event "ICC tourney 2069 (15 5)"]
[Site "Internet Chess Club"]
[Date "2020.10.18"]
[Round "4"]
[White "SatvikSharma"]
[Black "john-hartmann"]
[Result "0-1"]
[ICCResult "White resigns"]
[WhiteElo "1481"]
[BlackElo "1532"]
[Opening "Giuoco Piano: four knights variation"]
[ECO "C28"]
[NIC "VG.02"]
[Time "15:01:43"]
[TimeControl "900+5"]

1. e4 e5 2. Bc4 Nf6 3. Nc3 Nc6 4. Nf3 Bc5 5. O-O O-O 6. d3 a6 7. Bg5 h6 8.
Bxf6 Qxf6 9. Nd5 Qd8 10. h3 d6 11. Nc3 Kh8 12. Re1 f5 13. a3 f4 14. Ne2 Qf6
15. c3 Qg6 16. Nh4 Qh5 17. Nf3 Bxh3 18. gxh3 Qxf3 19. h4 Rf6 20. d4 Rg6+ 21.
Ng3 Qxd1 22. Raxd1 exd4 23. cxd4 Nxd4 24. Bf7 Rf6 25. Bh5 fxg3 26. fxg3 Nf3+
27. Kf1 Nxe1+ 28. Kxe1 {White resigns} 0-1

[Event "ICC tourney 2069 (15 5)"]
[Site "Internet Chess Club"]
[Date "2020.10.18"]
[Round "4"]
[White "dcole"]
[Black "premierchess"]
[Result "0-1"]
[ICCResult "White resigns"]
[WhiteElo "1642"]
[BlackElo "2154"]
[Opening "English: Mikenas-Carls, Sicilian variation"]
[ECO "A19"]
[NIC "EO.64"]
[Time "15:04:25"]
[TimeControl "900+5"]

1. c4 Nf6 2. Nc3 e6 3. e4 c5 4. e5 Ng8 5. Nf3 Nc6 6. d3 Nge7 7. Bf4 Ng6 8.
Bg3 a6 9. h4 Qc7 10. Qe2 Nd4 11. Nxd4 cxd4 12. Nd1 Bb4+ {White resigns} 0-1

[Event "ICC tourney 2069 (15 5)"]
[Site "Internet Chess Club"]
[Date "2020.10.18"]
[Round "4"]
[White "skyler-kelly"]
[Black "swathivjdp"]
[Result "1-0"]
[ICCResult "Black resigns"]
[WhiteElo "1489"]
[BlackElo "1347"]
[Opening "Queen's bishop game"]
[ECO "D00"]
[NIC "QP.08"]
[Time "15:01:44"]
[TimeControl "900+5"]

1. d4 d5 2. Bf4 Nf6 3. Nf3 Bf5 4. e3 Nc6 5. Bd3 Be6 6. c3 a6 7. Nbd2 g6 8.
Ng5 Bg7 9. Nxe6 fxe6 10. c4 O-O 11. h3 Qd7 12. Rc1 Nh5 13. Bh2 e5 14. cxd5
Qxd5 15. Bc4 Qxc4 16. Nxc4 exd4 17. exd4 Bxd4 18. O-O Rf7 19. Ne3 Raf8 20.
Qb3 Kh8 21. Rc2 Na5 22. Qe6 Bxe3 23. Qxe3 Nf4 24. Bxf4 Rxf4 25. Qe5+
{Black resigns}
1-0

[Event "ICC tourney 2069 (15 5)"]
[Site "Internet Chess Club"]
[Date "2020.10.18"]
[Round "4"]
[White "AlphaTomato"]
[Black "jackthebest007"]
[Result "1-0"]
[ICCResult "Black checkmated"]
[WhiteElo "1486"]
[BlackElo "1264"]
[Opening "Scotch gambit"]
[ECO "C44"]
[NIC "SO.06"]
[Time "15:01:54"]
[TimeControl "900+5"]

1. e4 e5 2. Nf3 Nc6 3. d4 exd4 4. Bc4 d6 5. Nxd4 Nf6 6. Nc3 Bg4 7. f3 Be6 8.
Nxe6 fxe6 9. Bxe6 Qe7 10. Bc4 a6 11. Bg5 b5 12. Bd5 Qd7 13. Bxf6 gxf6 14.
Bxc6 Qxc6 15. Qd5 Qxd5 16. Nxd5 c6 17. Nc7+ Ke7 18. Nxa8 Bh6 19. Nc7 Kd7 20.
Nxa6 c5 21. Rd1 Ra8 22. Nxc5+ Kc6 23. Nb3 Rxa2 24. Rb1 Ra7 25. Nd4+ Kc5 26.
Nf5 Bf8 27. Ke2 b4 28. Rhd1 Rd7 29. Rd5+ Kc4 30. b3+ Kc3 31. Kd1 Bh6 32. Ng3
Ra7 33. Ne2# {Black checkmated} 1-0

[Event "ICC tourney 2069 (15 5)"]
[Site "Internet Chess Club"]
[Date "2020.10.18"]
[Round "4"]
[White "jkpoet777"]
[Black "alanl"]
[Result "0-1"]
[ICCResult "White checkmated"]
[WhiteElo "1188"]
[BlackElo "1788"]
[Opening "Sicilian: Smith-Morra gambit"]
[ECO "B21"]
[NIC "SI.48"]
[Time "15:01:40"]
[TimeControl "900+5"]

1. e4 c5 2. d4 cxd4 3. c3 dxc3 4. Nxc3 Nc6 5. Bc4 e6 6. Nf3 d6 7. O-O Be7 8.
Bf4 Nf6 9. Qe2 O-O 10. Rac1 a6 11. Rfd1 b5 12. Bb3 Qc7 13. Qd2 Rd8 14. Bc2
Bb7 15. Qe2 Rac8 16. e5 dxe5 17. Nxe5 Bd6 18. Nxc6 Qxc6 19. Bxd6 Qxg2#
{White checkmated}
0-1

[Event "ICC tourney 2069 (15 5)"]
[Site "Internet Chess Club"]
[Date "2020.10.18"]
[Round "4"]
[White "ashvathk5"]
[Black "Ritvik08"]
[Result "1-0"]
[ICCResult "Black resigns"]
[WhiteElo "1431"]
[BlackElo "1069"]
[Opening "Giuoco Piano: four knights variation"]
[ECO "C47"]
[NIC "RG.01"]
[Time "15:01:50"]
[TimeControl "900+5"]

1. e4 e5 2. Nf3 Nf6 3. Nc3 Nc6 4. Bc4 Bc5 5. O-O O-O 6. d3 h6 7. h3 d6 8.
Nh2 Re8 9. Qf3 Be6 10. Qg3 Nh5 11. Qf3 Bxc4 12. dxc4 Nf6 13. Qg3 Nh5 14. Qg4
Nf6 15. Qg3 Nh5 16. Qf3 Nf6 17. Nd5 Nd4 18. Qd1 c6 19. Nxf6+ Qxf6 20. c3 Ne6
21. Qg4 Rad8 22. Nf3 Nf8 23. Nh4 Ne6 24. Nf5 Ng5 25. h4 g6 26. Nxh6+ Kg7 27.
Bxg5 Qe6 {Black resigns} 1-0

[Event "ICC tourney 2069 (15 5)"]
[Site "Internet Chess Club"]
[Date "2020.10.18"]
[Round "4"]
[White "lucasnc"]
[Black "betterone76"]
[Result "1-0"]
[ICCResult "Black resigns"]
[WhiteElo "1356"]
[BlackElo "1799"]
[Opening "Pirc: Byrne variation"]
[ECO "B07"]
[NIC "PU.09"]
[Time "15:01:43"]
[TimeControl "900+5"]

1. d4 Nf6 2. Nc3 d6 3. e4 g6 4. Bg5 Bg7 5. e5 Nfd7 6. Bc4 Nb6 7. Bb3 O-O 8.
Nd5 Nxd5 9. Bxd5 dxe5 10. dxe5 c6 11. Bc4 Qxd1+ 12. Rxd1 e6 13. Nf3 Nd7 14.
O-O Nxe5 15. Nxe5 Bxe5 16. b3 Bg7 17. Rd2 f6 18. Bf4 Kh8 19. Rfd1 e5 20. Be3
f5 21. Rd8 f4 22. Bc5 Bg4 23. Bxf8 Bxf8 24. Rxa8 Bxd1 25. Rxf8+ Kg7
{Black resigns}
1-0

[Event "ICC tourney 2069 (15 5)"]
[Site "Internet Chess Club"]
[Date "2020.10.18"]
[Round "4"]
[White "Jwagner354"]
[Black "sahti2009"]
[Result "0-1"]
[ICCResult "White resigns"]
[WhiteElo "1374"]
[BlackElo "1213"]
[Opening "King's Indian: East Indian defense"]
[ECO "A48"]
[NIC "QP.06"]
[Time "15:01:30"]
[TimeControl "900+5"]

1. d4 Nf6 2. Nf3 g6 3. e3 Bg7 4. Bd3 O-O 5. O-O d6 6. Nbd2 Bg4 7. c4 Nbd7 8.
h3 Bh5 9. b4 g5 10. Nxg5 Bxd1 11. Rxd1 e5 12. dxe5 Nxe5 13. Bxh7+ Nxh7 14.
Nge4 Ng5 15. f4 Nxe4 16. Nxe4 Ng6 17. Rb1 Qh4 18. g3 Qxh3 19. Ng5 Qg4 20.
Rf1 Qxg3+ 21. Kh1 Nh4 22. Rg1 Qf2 23. Ne4 Qf3+ 24. Kh2 Qxe4 25. Bb2 Nf3+ 26.
Kh1 Nxg1+ 27. Kxg1 Qxb1+ 28. Kf2 Qxb2+ {White resigns} 0-1

[Event "ICC tourney 2069 (15 5)"]
[Site "Internet Chess Club"]
[Date "2020.10.18"]
[Round "4"]
[White "blackjack721"]
[Black "Amiral"]
[Result "1-0"]
[ICCResult "Black resigns"]
[WhiteElo "1457"]
[BlackElo "1326"]
[Opening "Caro-Kann: Tartakower (fantasy) variation"]
[ECO "B12"]
[NIC "CK.02"]
[Time "15:01:44"]
[TimeControl "900+5"]

1. e4 c6 2. d4 d5 3. f3 dxe4 4. fxe4 e6 5. Nf3 Nd7 6. Bc4 Ngf6 7. e5 Nd5 8.
O-O b5 9. Be2 a6 10. Ng5 f5 11. Nxe6 Qe7 12. Ng5 h6 13. Bh5+ Kd8 14. Nf7+
{Black resigns}
1-0